 Dungeon Crawl Stone Soup version 0.25.0-1-g7eea58d2a3 (webtiles) character file.

Game seed: 13523097463283408467

173 Delamore the Cudgeler (level 5, -1/32 HPs)
             Began as a Gargoyle Fighter on June 14, 2020.
             Killed from afar by Blork the orc (10 damage)
             ... with a puff of flame
             ... on level 4 of the Dungeon.
             The game lasted 00:02:38 (2768 turns).

Delamore the Cudgeler (Gargoyle Fighter)            Turns: 2768, Time: 00:02:38

Health: -1/32      AC: 17    Str: 21    XL:     5   Next: 53%
Magic:  5/5        EV:  7    Int: 11    God:
Gold:   142        SH:  9    Dex:  9    Spells: 4/4 levels left

rFire    . . .     SeeInvis .   a - +0 flail
rCold    . . .     Gourm    .   c - +0 kite shield
rNeg     + + .     Faith    .   b - +0 scale mail
rPois    ∞         Spirit   .   m - +1 hat {Int+3}
rElec    +         Reflect  .   (no cloak)
rCorr    .         Harm     .   (no gloves)
MR       .....                  s - +0 pair of boots
Stlth    ..........             (no amulet)
HPRegen  0.10/turn              y - ring of positive energy
MPRegen  0.09/turn              A - +4 ring of protection

@: no status effects
A: negative energy resistance 1, electricity resistance, unbreathing,
petrification resistance, rot immunity, AC +4
a: no special abilities


You were on level 4 of the Dungeon.
You were not hungry.

You visited 1 branch of the dungeon, and saw 4 of its levels.

You collected 142 gold pieces.

Inventory:

Hand Weapons
 a - a +0 flail (weapon)
Missiles
 p - a throwing net (quivered)
Armour
 b - a +0 scale mail (worn)
 c - a +0 kite shield (worn)
 m - a +1 hat of intelligence (worn)
 s - a +0 pair of boots (worn)
Jewellery
 l - an uncursed ring of flight
 r - an uncursed ring of wizardry
 u - an uncursed ring of protection from cold
 y - a ring of positive energy (left hand)
 A - a +4 ring of protection (right hand)
 B - an uncursed ring of wizardry
Wands
 z - a wand of digging (6)
Scrolls
 h - 5 scrolls of remove curse
 j - a scroll of fear
 k - 2 scrolls of enchant armour {unknown}
 q - 4 scrolls of identify
 v - a scroll of fog {unknown}
 w - a scroll of magic mapping
 x - a scroll of teleportation {unknown}
Potions
 d - a potion of might
 e - 2 potions of heal wounds {unknown}
 g - 3 potions of stabbing {unknown}
 i - 2 potions of curing {unknown}
 n - a potion of invisibility {unknown}
 o - 2 potions of haste
 t - a potion of berserk rage {unknown}
Comestibles
 f - 10 rations


   Skills:
 - Level 3.2 Fighting
 + Level 5.6 Maces & Flails
 - Level 3.2 Armour
 - Level 3.2 Shields


You had 4 spell levels left.
You didn't know any spells.
Your spell library contained the following spells:

 Spells                   Type           Power        Failure   Level  Hunger
 Animate Skeleton         Necr           N/A          99%         1    ##.....
 Pain                     Necr           #...         99%         1    ##.....
 Vampiric Draining        Necr           #.........   100%        3    ####...
 Animate Dead             Necr           N/A          100%        4    #####..
 Agony                    Necr           #.......     100%        5    ######.


Dungeon Overview and Level Annotations

Branches:
Dungeon (4/15)
 Temple: D:4-7

Altars:

Annotations:
D:4 Blork the orc


Innate Abilities, Weirdness & Mutations

You are resistant to torment.
Your stone body is resilient. (AC +4)
You are immune to poison.
You resist negative energy. (rN+)
You are resistant to electric shocks. (rElec)
You can survive without breathing.
You are immune to petrification.
You are immune to rotting.


Message History

Blork the orc hits you but does no damage. x2
You hit Blork the orc but do no damage.
Blork the orc is almost dead.
Blork the orc hits you but does no damage. x2
You closely miss Blork the orc.
Blork the orc is almost dead.
Blork the orc hits you but does no damage. x2
You closely miss Blork the orc.
Blork the orc is almost dead.
Blork the orc casts a spell at you. The puff of frost hits you!
* * * LOW HITPOINT WARNING * * *
You hit Blork the orc.
Blork the orc is almost dead.
Blork the orc barely misses you. You block Blork the orc's attack.
You closely miss Blork the orc.
Blork the orc is almost dead.
Blork the orc casts a spell at you. The puff of flame hits you!
You die...

########.............#
#.............#
#.............
#.####....[.## #.#
#.###### #.# #.# # #.#
≈≈≈≈≈ #.###.....
#.@ol..... ####....≈#
...## ###


You could see Blork the orc (fast) and a leopard gecko.

Vanquished Creatures
  An ogre (D:3)
  An adder (D:3)
  3 worms
  4 dart slugs (D:1)
  A leopard gecko (D:1)
  7 orcs
  8 goblins
  5 hobgoblins
  6 jackals
  A ball python (D:1)
  3 bats
  A frilled lizard (D:1)
  6 kobolds
  7 rats
54 creatures vanquished.

Notes
Turn   | Place    | Note
-------+----------+-------------------------------------------
     0 | D:1      | Delamore the Gargoyle Fighter began the quest for the Orb.
     0 | D:1      | Reached XP level 1. HP: 14/14 MP: 1/1
   140 | D:1      | Reached XP level 2. HP: 17/19 MP: 2/2
   209 | D:1      | Reached skill level 3 in Maces & Flails
   638 | D:1      | Reached XP level 3. HP: 23/23 MP: 3/3
  1838 | D:3      | Reached skill level 4 in Maces & Flails
  2024 | D:3      | Reached XP level 4. HP: 28/28 MP: 4/4
  2584 | D:4      | Noticed an ogre
  2627 | D:3      | Killed an ogre
  2627 | D:3      | Reached skill level 5 in Maces & Flails
  2627 | D:3      | Reached XP level 5. HP: 20/32 MP: 5/5
  2749 | D:4      | Noticed Blork the orc
  2768 | D:4      | Killed from afar by Blork the orc

Illustrated notes

Levels and vault maps discovered:
D:1:      elethiomel_arrival_maze, layout_loops_ring,
          corexii_item_surrounded_by_moat
D:2:      layout_loops_ring
D:3:      layout_rooms
D:4:      layout_basic, serial_rivers, chequers_serial_rivers_room_a,
          chequers_serial_rivers_micro_e, chequers_serial_rivers_marsh,
          chequers_serial_rivers_micro_a, minmay_crystal_water,
          uniq_blork_the_orc

Skill      XL: |  1  2  3  4 |
---------------+-------------+-----
Maces & Flails | 3 4 5 |  5.6
Fighting       | |  3.2
Armour         | |  3.2
Shields        | |  3.2

Action                   |  1- 3 |  4- 6 || total
-------------------------+-------+-------++-------
Melee: Flail             |   115 |    83 ||   198
 Abil: Evoke Flight      |     1 |       ||     1
  Use: Scroll            |     3 |       ||     3
  Eat: Chunk             |     4 |     2 ||     6
Armor: Scale mail        |    76 |    41 ||   117
Dodge: Dodged            |    44 |    20 ||    64
Block: Kite shield       |    71 |    31 ||   102
